 Dungeon Crawl Stone Soup version 0.17.0-24-gcfadda4 (webtiles) character file.

6 Azhtabak the Slasher (level 1, -1/19 HPs)
             Began as a Deep Elf Berserker on Nov 16, 2015.
             Was a Follower of Trog.
             Slain by a kobold (2 damage)
             ... on level 1 of the Dungeon.
             The game lasted 00:01:46 (213 turns).

Azhtabak the Slasher (Deep Elf Berserker)            Turns: 213, Time: 00:01:46

Health: -1/19      AC:  2    Str: 19    XL:     1   Next: 75%
Magic:  3/3        EV: 13    Int: 11    God:    Trog [*.....]
Gold:   81         SH:  0    Dex: 14    Spells: 0 memorised, 0 levels left

rFire  . . .     SeeInvis .     a - +0 falchion
rCold  . . .     Clarity  .     b - +0 animal skin
rNeg   . . .     SustAt   .     (no shield)
rPois  .         Gourm    .     (no helmet)
rElec  .         Spirit   .     (no cloak)
rCorr  .         Warding  .     (no gloves)
rMut   .         Stasis   .     (no boots)
MR     .....                    (no amulet)
Stlth  ..........               (no ring)
                                (no ring)

@: berserking, very quick, not resistant to hostile enchantments, extremely
unstealthy
A: no striking features
a: Berserk, Burn Spellbooks, Renounce Religion


You were on level 1 of the Dungeon.
You worshipped Trog.
Trog was aware of your devotion.
You were not hungry.

You visited 1 branch of the dungeon, and saw 1 of its levels.

You collected 81 gold pieces.

Inventory:

Hand Weapons
 a - a +0 falchion (weapon)
Missiles
 e - 19 stones (quivered)
Armour
 b - a +0 animal skin (worn)
Scrolls
 h - a scroll of teleportation {unknown}
Comestibles
 c - 2 bread rations
 d - a meat ration
 f - a chunk of flesh
 g - a royal jelly


   Skills:
 - Level 2.4 Fighting
 + Level 3.1 Long Blades
 - Level 1.5 Armour
 - Level 2.4 Dodging


You couldn't memorise any spells.
You didn't know any spells.

Dungeon Overview and Level Annotations

Branches:
Dungeon (1/15)

Altars:


Message History

You closely miss the kobold. The kobold barely misses you.
The kobold closely misses you.
You closely miss the kobold. The kobold hits you.
You closely miss the kobold. The kobold misses you.
You barely miss the kobold. The kobold hits you but does no damage.
You closely miss the kobold. The kobold closely misses you.
You hit the kobold but do no damage. The kobold hits you.
The kobold barely misses you.
You hit the kobold but do no damage. The kobold misses you.
You closely miss the kobold. The kobold completely misses you.
You barely miss the kobold. The kobold barely misses you.
You barely miss the kobold. The kobold hits you.
You closely miss the kobold. The kobold misses you.
You barely miss the kobold. The kobold hits you.
* * * LOW HITPOINT WARNING * * *
A red film seems to cover your vision as you go berserk!
You feel yourself moving faster!
You feel mighty!
You feel somewhat more hungry. The kobold misses you.
You barely miss the kobold. The kobold hits you.
You die...

.. ##.### .. ....# .
#>#.# # #.##.#.#
####.#....###### ##
...#............ .#
##.###...###.### ##.##
##.#...#.......###...#
##.#.#...###.#..@K.#.#
##.#.##.##
#.#####...###.#
##.......#
#.###..........
##.###...#
#.##.....##.... ##.#
#...# #.#...?........
##.# #...#
#.........#..$. ##.#
#...# ###.......# ...
...###...######.....##
.#
....................(
#


You could see a kobold.

Vanquished Creatures
  2 goblins (D:1)
  A hobgoblin (D:1)
  A kobold (D:1)
  2 rats (D:1)
6 creatures vanquished.

Notes
Turn   | Place    | Note
--------------------------------------------------------------
     0 | D:1      | Azhtabak the Deep Elf Berserker began the quest for the Orb.
     0 | D:1      | Reached XP level 1. HP: 13/13 MP: 3/3
     2 | D:1      | Noticed a minotaur
     2 | D:1      | Noticed a demigod
     4 | D:1      | Noticed a naga
     6 | D:1      | Noticed a merfolk
     6 | D:1      | Noticed a human
     8 | D:1      | Noticed a tengu
     8 | D:1      | Noticed a gargoyle
    10 | D:1      | Noticed a dwarf
    12 | D:1      | Noticed a formicid
    12 | D:1      | Noticed a vine stalker
    16 | D:1      | Noticed a ghoul
    18 | D:1      | Noticed an elf
    18 | D:1      | Noticed a troll
    20 | D:1      | Noticed an octopode
    20 | D:1      | Noticed a felid
    22 | D:1      | Noticed a vampire
    22 | D:1      | Noticed a centaur
    24 | D:1      | Noticed a draconian
    24 | D:1      | Noticed a spriggan
    26 | D:1      | Noticed an ogre
    26 | D:1      | Noticed a demonspawn
   147 | D:1      | Reached skill level 3 in Long Blades
   213 | D:1      | Slain by a kobold

Action                   || total
-------------------------++-------
Melee: Falchion          ||    29
Invok: Berserk           ||     2
